details: 'HvO got owned hard'

« prev index next »

General information

Mini Map

Players

team 1
Humangordies (yellow | 76 APM | 1388 actions | 18:19)
Hero icon 5 Mountain King
Ability icon 2 Storm Bolt
Ability icon 3 Bash
Hero icon 4 Paladin
Ability icon 2 Holy Light
Ability icon 2 Divine Shield

» actions
Assign group hotkey58
Basic commands115
Build / train84
Enter build submenu21
Enter hero's abilities submenu9
Give item / drop item2
Right click419
Select / deselect372
Select group hotkey230
Use ability78
1388 total
» units
Peasant6
Footman18
Priest3
Sorceress4
Rifleman5
Spell Breaker2
Knight1
39 total
» upgrades
Priest Training2
Sorceress Training2
Long Rifles1
Control Magic1
Animal War Training1
Lumber Harvesting1
8 total
» buildings
Altar of Kings1
Barracks1
Farm11
Arcane Vault1
Keep4
Lumber Mill1
Blacksmith1
Arcane Sanctum3
Castle1
Town Hall1
25 total
» build order
00:06 Altar of Kings
00:09 Barracks
00:28 Farm
00:39 Farm
01:53 Farm
02:20 Arcane Vault
03:07 Keep
03:07 Keep
03:07 Keep
03:21 Lumber Mill
03:44 Blacksmith
04:25 Farm
06:09 Arcane Sanctum
07:02 Arcane Sanctum
07:20 Arcane Sanctum
07:27 Farm
08:07 Farm
10:37 Castle
10:59 Farm
11:02 Farm
11:41 Farm
14:00 Farm
14:02 Farm
15:50 Town Hall
» items
Lesser Clarity Potion5
Scroll of Regeneration3
Dust of Appearance2
Boots of Speed2
12 total
team 2
OrcDNK. (blue | 146 APM | 2678 actions | 18:19)
Hero icon 2 Blademaster
Ability icon 1 Wind Walk
Ability icon 1 Critical Strike
Hero icon 4 Shadow Hunter
Ability icon 2 Healing Wave
Ability icon 2 Hex

» actions
Assign group hotkey18
Basic commands55
Build / train70
ESC pressed4
Enter build submenu15
Enter hero's abilities submenu6
Give item / drop item2
Right click1370
Select / deselect370
Select group hotkey592
Use ability176
2678 total
» units
Peon7
Grunt9
Spirit Walker6
Troll Headhunter/Berserker2
Troll Witch Doctor4
Raider2
30 total
» upgrades
Spirit Walker Training1
Witch Doctor Training2
Ensnare1
Berserker Strength1
5 total
» buildings
Altar of Storms1
Orc Burrow6
Voodoo Lounge1
Barracks1
Stronghold2
War Mill1
Spirit Lodge1
Watch Tower2
Beastiary1
Fortress2
18 total
» build order
00:08 Altar of Storms
00:14 Orc Burrow
00:51 Voodoo Lounge
01:18 Barracks
02:03 Orc Burrow
03:42 Stronghold
03:42 Stronghold
04:20 War Mill
05:15 Orc Burrow
06:11 Spirit Lodge
07:40 Watch Tower
08:40 Orc Burrow
08:44 Watch Tower
10:49 Orc Burrow
11:21 Beastiary
11:22 Fortress
11:23 Fortress
12:19 Orc Burrow
» items
Healing Salve4
Lesser Clarity Potion8
Boots of Speed3
Scroll of Town Portal5
Orb of Lightning1
21 total

Chat log


(18:15 / All) DNK.: gg